 Dungeon Crawl Stone Soup version 0.27-a0-95-g5a9077b8ae (webtiles) character file.

Game seed: 15040367305873052409

130 timneilson the Covered (level 5, -1/33 HPs)
             Began as a Gargoyle Fighter on Jan 17, 2021.
             Killed from afar by an orc wizard (3 damage)
             ... with a magic dart
             ... on level 3 of the Dungeon.
             The game lasted 00:05:06 (2635 turns).

timneilson the Covered (Gargoyle Fighter)           Turns: 2635, Time: 00:05:06

Health: -1/33      AC: 11    Str: 26    XL:     5   Next: 13%
Magic:  5/5        EV:  7    Int:  9    God:
Gold:   58         SH:  0    Dex:  9    Spells: 4/4 levels left

rFire    . . .     SeeInvis .   a - +1 long sword
rCold    . . .     Faith    .   c - +1 kite shield
rNeg     + . .     Spirit   .   b - +0 scale mail
rPois    ∞         Reflect  .   (no helmet)
rElec    +         Harm     .   (no cloak)
rCorr    .         Rampage  .   (no gloves)
Will     .....                  (no boots)
Stlth    ..........             (no amulet)
HPRegen  0.11/turn              s - +6 ring of strength (curse)
MPRegen  0.09/turn              (no ring)

@: confused
A: negative energy resistance 1, electricity resistance, unbreathing,
petrification resistance, miasma immunity, AC +4
a: no special abilities


You were on level 3 of the Dungeon.
You visited 1 branch of the dungeon, and saw 4 of its levels.

You collected 58 gold pieces.

Inventory:

Hand Weapons
 a - a +1 long sword (weapon)
Armour
 b - a +0 scale mail (worn)
 c - a +1 kite shield (worn)
 k - a +0 plate armour
 r - a scarf of shadows
Jewellery
 s - a cursed +6 ring of strength (left hand)
Wands
 m - a wand of random effects (9)
Scrolls
 d - a scroll of magic mapping {unknown}
 e - 3 scrolls of amnesia {unknown}
 h - 2 scrolls of teleportation
 i - a scroll of remove curse
 o - 4 scrolls of enchant armour
 p - a scroll of fog {unknown}
 u - a scroll of noise {unknown}
Potions
 f - 3 potions of curing {unknown}
 g - a potion of lignification {unknown}
 j - 2 potions of attraction {unknown}
 l - 2 potions of brilliance {unknown}
 n - a potion of heal wounds {unknown}
 q - a potion of ambrosia {unknown}
 t - a potion of haste {unknown}
 v - a potion of invisibility {unknown}


   Skills:
 + Level 3.7 Fighting
 * Level 2.8 Long Blades
 * Level 4.4 Armour
 * Level 4.2 Shields


You had 4 spell levels left.
You didn't know any spells.
Your spell library contained the following spells:

 Spells                   Type           Power        Failure   Level
 Confusing Touch          Hex            0%           100%        3
 Gell's Gravitas          Tloc           0%           100%        3
 Petrify                  Tmut/Erth      0%           100%        4
 Metabolic Englaciation   Hex/Ice        0%           100%        5
 Yara's Violent Unravell  Hex/Tmut       0%           100%        5


Dungeon Overview and Level Annotations

Branches:
Dungeon (4/15)
 Temple: D:4-7

Altars:
Dithmenos
Sif Muna
Zin


Innate Abilities, Weirdness & Mutations

You are resistant to torment.
Your stone body is resilient. (AC +4)
You are immune to poison.
You resist negative energy. (rN+)
You are resistant to electric shocks. (rElec)
You can survive without breathing.
You are immune to petrification.
You are immune to miasma.


Message History

You miss something. Something hits you but does no damage.
You closely miss something.
You hear some strange, mumbled words.
A puff of flame appears from out of thin air!
The puff of flame hits you!
* * * LOW HITPOINT WARNING * * *
You closely miss something. Something hits you but does no damage.
Something hits you.
* * * LOW HITPOINT WARNING * * *
Something burns you.
* * * LOW HITPOINT WARNING * * *
You closely miss something.
You hear some strange, mumbled words.
You are confused.
You bump into the rock wall.
Something hits you but does no damage.
You completely miss something.
You hear some strange, mumbled words.
A magic dart appears from out of thin air!
The magic dart hits you.
You die...

#..#.......#)...#.......#...#
#..#.......#..#....._.......#
#..##.....##..###.[.....#...#
#..####.####..# ##.....##...#
#.............##.##...#######
###########.#..>....##.##
#.......# #.##########..#
#.#####.###.###########.# #.#
#.....#.{@........# #.#
#######.########### #.# #[#
#.# #.# #.# #.# #.# #.# #.#
#<# #.# #.# #.# #.#


There were no monsters in sight!

Vanquished Creatures
  A bullfrog skeleton (D:4)
  An iguana (D:4)
  A gnoll (D:1)
  3 dart slugs
  3 leopard geckos
  4 orcs (D:3)
  A ball python (D:1)
  2 giant cockroaches (D:1)
  3 hobgoblins
  11 jackals
  4 kobolds
  A quokka (D:4)
  A bat (D:1)
  3 frilled lizards (D:1)
  5 goblins
  6 rats
50 creatures vanquished.

Notes
Turn   | Place    | Note
-------+----------+-------------------------------------------
     0 | D:1      | timneilson the Gargoyle Fighter began the quest for the
                  | Orb.
     0 | D:1      | Reached XP level 1. HP: 14/14 MP: 1/1
   195 | D:1      | Reached XP level 2. HP: 17/19 MP: 2/2
   795 | D:1      | Reached XP level 3. HP: 21/23 MP: 3/3
  1760 | D:2      | You fall into a shaft and drop 2 floors!
  1787 | D:4      | Upgraded the game from 0.27-a0-93-g19769c27d7 to
                  | 0.27-a0-95-g5a9077b8ae
  1791 | D:4      | Reached XP level 4. HP: 28/28 MP: 4/4
  1919 | D:4      | Found a shadowy altar of Dithmenos.
  2048 | D:4      | Reached XP level 5. HP: 7/33 MP: 5/5
  2482 | D:3      | Found a shimmering blue altar of Sif Muna.
  2499 | D:3      | Found a glowing silver altar of Zin.
  2635 | D:3      | Killed from afar by an orc wizard

Illustrated notes

Levels and vault maps discovered:
D:1:      dpeg_arrival_circle_labyrinth_c, layout_basic, st_stairs_5
D:2:      layout_basic, makhleb_grotto_becter
D:3:      cheibrodos_old_hovel, layout_basic, grunt_qazlal_sundering,
          lemuel_round_altar, old_standard_altar
D:4:      layout_basic, grunt_dithmenos_smoke, minmay_strange_pillars

Skill      XL: |  1  2  3  4 |
---------------+-------------+-----
Long Blades    | 2 |  2.8
Armour         | 4 |  4.4
Shields        | 4 |  4.2
Fighting       | |  3.7

Action                   |  1- 3 |  4- 6 || total
-------------------------+-------+-------++-------
Melee: Long sword        |   134 |    88 ||   222
  Use: Scroll            |     6 |       ||     6
       Potion            |       |     1 ||     1
Armor: Scale mail        |    69 |    58 ||   127
Dodge: Dodged            |    42 |    14 ||    56
Block: Kite shield       |    66 |    28 ||    94
       Rpst.: Long sword |    13 |     5 ||    18

Table legend: (Time is in decaauts)
 A = Elapsed time spent in this place.
 B = Non-inter-level travel time spent in this place.
 C = Inter-level travel time spent in this place.
 D = Time resting spent in this place.
 E = Time spent auto-exploring this place.
 F = Levels seen in this place.
 G = Mean time per level.
                   A        B        C        D        E       F      G
               +--------+--------+--------+--------+--------+-----+--------+
         Total |   2714 |   2683 |     31 |    484 |   1582 |   4 |  678.5 |
       Dungeon |   2714 |   2683 |     31 |    484 |   1582 |   4 |  678.5 |
               +--------+--------+--------+--------+--------+-----+--------+

Top non-repeatable levels by time:
     D:1: 1685 daAuts
     D:4: 642 daAuts
     D:3: 262 daAuts
     D:2: 124 daAuts
